 Dungeon Crawl Stone Soup version 0.23.2-33-g5129a83184 (webtiles) character file.

Game seed: 9308710274572931906

119 Laelith the Shooter (level 5, -9/42 HPs)
             Began as a Ghoul Hunter on June 27, 2019.
             Was an Initiate of Ashenzari.
             Killed by divine providence
             ... invoked by an orc priest
              (14 damage)
             ... on level 3 of the Dungeon.
             The game lasted 00:18:31 (1718 turns).

Laelith the Shooter (Ghoul Hunter)                  Turns: 1718, Time: 00:18:32

Health: -9/42      AC:  6    Str: 21    XL:     5   Next: 3%
Magic:  4/4        EV: 10    Int:  7    God:    Ashenzari [......]
Gold:   77         SH:  0    Dex:  9    Spells: 4/4 levels left

rFire    . . .     SeeInvis +     - Unarmed
rCold    + . .     Gourm    .   (no shield)
rNeg     + + +     Faith    .   l - +0 scale mail
rPois    ∞         Spirit   .   (no helmet)
rElec    .         Reflect  .   (no cloak)
rCorr    .         Harm     .   (no gloves)
MR       +....                  (no boots)
Stlth    ..........             (no amulet)
HPRegen  0.00/turn              i - ring of see invisible
MPRegen  0.09/turn              e - ring of protection from magic (curse)

@: mighty, rotting
A: rotting body, claws 1, carnivore, cold resistance 1, negative energy
resistance 3, inhibited regeneration, torment resistance, unbreathing
a: Curse Item, Renounce Religion


You were on level 3 of the Dungeon.
You worshipped Ashenzari.
Ashenzari was noncommittal.
You were not hungry.

You visited 1 branch of the dungeon, and saw 3 of its levels.

You collected 77 gold pieces.

Inventory:

Hand Weapons
 a - a +2 shortbow
Missiles
 d - 54 arrows
Armour
 l - a +0 scale mail (worn)
Jewellery
 e - a cursed ring of protection from magic (right claw)
 i - a ring of see invisible (left claw)
Potions
 h - 2 potions of resistance
 j - a potion of brilliance
 k - a potion of magic
 n - a potion of haste {unknown}
 o - a potion of invisibility {unknown}
Comestibles
 f - 6 rations


   Skills:
 + Level 2.5 Fighting
 + Level 4.4 Bows
 + Level 1.4 Armour
 + Level 2.5 Dodging
 + Level 1.5 Stealth
 + Level 1.5 Unarmed Combat


You had 4 spell levels left.
You didn't know any spells.
Your spell library was empty.

Dungeon Overview and Level Annotations

Branches:
Dungeon (3/15)

Altars:
Ashenzari
Trog


Innate Abilities, Weirdness & Mutations

Your body is rotting away.
You thrive on raw meat.
You are immune to poison.
You have sharp fingernails.
You are carnivorous and can eat meat at any time.
Your flesh is cold resistant. (rC+)
You are immune to negative energy. (rN+++)
You do not regenerate when monsters are visible.
You are immune to unholy pain and torment.
You can survive without breathing.


Message History

Eat a chunk of flesh? (ye/n/q)
You eat the chunk of flesh.
This raw flesh tastes great!
The orc priest hits you with a +0 trident!
* * * LOW HITPOINT WARNING * * *
The goblin hits you but does no damage.
It was a potion of might.
You feel very mighty all of a sudden.
The orc priest looks satisfied for a moment.
The goblin closely misses you.
d - 54 arrows (gained 1)
The orc priest hits you with a +0 trident.
* * * LOW HITPOINT WARNING * * *
The goblin barely misses you.
You claw the goblin!
You kill the goblin!
The orc priest hits you with a +0 trident.
* * * LOW HITPOINT WARNING * * *
The orc priest mumbles some strange prayers to Beogh against you.
Beogh smites you!
You die...

## # .# .# .##.#
....# g...# ...
#########.#
#.†@[÷))((#
######o#########
.........sb#
<######.##.#
###.##.#
#.....g######
#....<.oo...o.
.....$o..o...##.
###......###.bo>


You could see an orc priest.

Vanquished Creatures
  4 gnolls (D:3)
  An adder (D:3)
  4 worms (D:2)
  A dart slug (D:1)
  2 leopard geckos
  3 orcs (D:3)
  7 bats
  2 giant cockroaches
  8 goblins
  5 hobgoblins
  2 jackals (D:2)
  8 kobolds
  4 frilled lizards
  3 rats
54 creatures vanquished.

Notes
Turn   | Place    | Note
-------+----------+-------------------------------------------
     0 | D:1      | Laelith the Ghoul Hunter began the quest for the Orb.
     0 | D:1      | Reached XP level 1. HP: 17/17 MP: 0/0
    78 | D:1      | Reached XP level 2. HP: 25/25 MP: 1/1
   104 | D:1      | Reached skill level 4 in Bows
   235 | D:1      | Reached XP level 3. HP: 17/30 MP: 2/2
   275 | D:1      | Found a bloodstained altar of Trog.
  1166 | D:2      | Reached skill level 1 in Armour
  1229 | D:2      | Found a shattered altar of Ashenzari.
  1241 | D:2      | Became a worshipper of Ashenzari the Shackled
  1596 | D:3      | Reached skill level 1 in Unarmed Combat
  1596 | D:3      | Reached XP level 4. HP: 19/37 MP: 3/3
  1695 | D:3      | Reached XP level 5. HP: 14/42 MP: 4/4
  1718 | D:3      | Killed from afar by an orc priest

Skill      XL: |  1  2  3 |
---------------+----------+-----
Bows           | 4 |  4.4
Dodging        | 2 |  2.5
Armour         | 1 |  1.4
Unarmed Combat | 1 |  1.5
Fighting       | |  2.5
Stealth        | |  1.5

Action                   |  1- 3 |  4- 6 || total
-------------------------+-------+-------++-------
Melee: Short sword       |     1 |       ||     1
       Unarmed           |   124 |    57 ||   181
 Fire: Shortbow          |    51 |    11 ||    62
Invok: Curse Item        |     1 |       ||     1
  Use: Scroll            |     8 |       ||     8
       Potion            |     1 |     3 ||     4
 Stab: Sleeping          |     1 |       ||     1
  Eat: Chunk             |     5 |     8 ||    13
Armor: Leather armour    |    30 |     9 ||    39
       Scale mail        |       |    11 ||    11
Dodge: Dodged            |    78 |    71 ||   149
